 Dungeon Crawl Stone Soup version 0.23.2 (webtiles) character file.

Game seed: 11226459362603653364

96 PentaManta the Poker (level 4, -3/35 HPs)
             Began as a Merfolk Gladiator on Apr 3, 2019.
             Slain by Sigmund
             ... wielding a +0 scythe
              (8 damage)
             ... on level 3 of the Dungeon.
             The game lasted 00:02:54 (1576 turns).

PentaManta the Poker (Merfolk Gladiator)            Turns: 1576, Time: 00:02:55

Health: -3/35      AC:  4    Str: 15    XL:     4   Next: 67%
Magic:  4/4        EV: 14    Int:  7    God:
Gold:   154        SH:  0    Dex: 15    Spells: 3/3 levels left

rFire    . . .     SeeInvis .   a - +0 trident
rCold    . . .     Gourm    .   (no shield)
rNeg     . . .     Faith    .   b - +0 leather armour
rPois    .         Spirit   .   c - +0 helmet
rElec    .         Reflect  .   (no cloak)
rCorr    .         Harm     .   (no gloves)
MR       .....                  (no boots)
Stlth    +.........             (no amulet)
HPRegen  0.11/turn              (no ring)
MPRegen  0.09/turn              (no ring)

@: no status effects
A: change form in water, swift swim, stealthy swim
a: no special abilities


You were on level 3 of the Dungeon.
You were not hungry.

You visited 1 branch of the dungeon, and saw 3 of its levels.

You collected 154 gold pieces.

Inventory:

Hand Weapons
 a - a +0 trident (weapon)
Missiles
 d - a throwing net (quivered)
Armour
 b - a +0 leather armour (worn)
 c - a +0 helmet (worn)
Jewellery
 q - an uncursed ring of protection from fire {unknown}
Scrolls
 g - 4 scrolls of identify {unknown}
 h - 3 scrolls of enchant weapon {unknown}
 i - 2 scrolls of enchant armour {unknown}
 l - a scroll of magic mapping {unknown}
 m - 2 scrolls of teleportation {unknown}
 n - a scroll of remove curse {unknown}
 p - a scroll of amnesia {unknown}
Potions
 e - 3 potions of might {unknown}
 j - a potion of haste {unknown}
 k - 2 potions of mutation {unknown}
 o - a potion of ambrosia {unknown}
Comestibles
 f - 4 rations
 r - a chunk of flesh


   Skills:
 + Level 3.1 Fighting
 * Level 6.2 Polearms
 - Level 2.0 Throwing
 + Level 4.9 Dodging


You had 3 spell levels left.
You didn't know any spells.
Your spell library was empty.

Dungeon Overview and Level Annotations

Branches:
Dungeon (3/15)

Altars:
Cheibriados
Dithmenos
Sif Muna
Trog
Wu Jian

Annotations:
D:3 Sigmund


Message History

Sigmund casts a spell at you. You resist with some effort.
Sigmund struggles against the net.
You barely miss Sigmund.
Sigmund casts a spell.
Sigmund flickers and vanishes!
Deactivating autopickup; reactivate with Ctrl-A.
Something wriggles in the net.
You puncture something! You hit something but do no damage.
You barely miss something.
Something wriggles in the net. x2
You hit something.
Something wriggles in the net.
You hit something.
Something wriggles in the net.
All of a sudden the net rips apart!
You hit something.
You hear some strange, mumbled words.
A magic dart appears from out of thin air!
The magic dart hits you!
* * * LOW HITPOINT WARNING * * *
You barely miss something. Something hits you!
You die...

...........#
...........#
...........#
...........#
...........#
...........######
.................
#####...##.####. #.@.#
# #.{.# #...#
############...##
.............>..#
###.##.####....#
######.##รท...#....#
#........)..##.##.#+#.#
######
..####.###.......<....#
#.....


There were no monsters in sight!

Vanquished Creatures
  A howler monkey (D:2)
  An adder (D:2)
  An ooze (D:2)
  A worm (D:3)
  A dart slug (D:1)
  2 leopard geckos
  A ball python (D:2)
  3 bats
  2 giant cockroaches
  3 goblins
  6 hobgoblins
  7 kobolds
  2 frilled lizards (D:1)
  5 rats
36 creatures vanquished.

Notes
Turn   | Place    | Note
-------+----------+-------------------------------------------
     0 | D:1      | PentaManta the Merfolk Gladiator began the quest for the
                  | Orb.
     0 | D:1      | Reached XP level 1. HP: 16/16 MP: 1/1
   365 | D:1      | Reached XP level 2. HP: 23/23 MP: 2/2
   456 | D:1      | Reached skill level 5 in Polearms
   664 | D:2      | Noticed a howler monkey
   668 | D:2      | Reached XP level 3. HP: 27/28 MP: 3/3
   672 | D:2      | Reached XP level 4. HP: 27/35 MP: 4/4
   690 | D:2      | Found a deep blue altar of Sif Muna.
   709 | D:2      | Reached skill level 6 in Polearms
   960 | D:2      | Found an ornate altar of the Wu Jian Council.
   964 | D:2      | Found a bloodstained altar of Trog.
   973 | D:2      | Found a shadowy altar of Dithmenos.
  1389 | D:3      | Found a snail-covered altar of Cheibriados.
  1531 | D:3      | Noticed Sigmund
  1576 | D:3      | Slain by Sigmund

Skill      XL: |  1  2  3  4 |
---------------+-------------+-----
Polearms       | 5 6 |  6.2
Fighting       | 3 |  3.1
Throwing       | |  2.0
Dodging        | |  4.9

Action                   |  1- 3 |  4- 6 || total
-------------------------+-------+-------++-------
Melee: Trident           |    74 |    60 ||   134
Throw: Throwing net      |       |     4 ||     4
  Eat: Chunk             |       |     2 ||     2
Armor: Leather armour    |    18 |     3 ||    21
Dodge: Dodged            |    48 |    20 ||    68
